 Dungeon Crawl Stone Soup version 0.27-a0-597-g524d869a0f (webtiles) character file.

Game seed: 2568943685373189689

24 dolemite99 the Twirler (level 2, -6/33 HPs)
             Began as a Demonspawn Gladiator on Mar 12, 2021.
             Killed from afar by Sigmund (7 damage)
             ... with a puff of flame
             ... on level 2 of the Dungeon.
             The game lasted 00:01:34 (485 turns).

dolemite99 the Twirler (Demonspawn Gladiator)        Turns: 485, Time: 00:01:34

Health: -6/33      AC: 21    Str: 14    XL:     2   Next: 79%
Magic:  2/2        EV:  2    Int:  9    God:
Gold:   63         SH:  0    Dex: 14    Spells: 1/1 levels left

rFire    . . .     SeeInvis .   a - +0 quarterstaff
rCold    . . .     Faith    .   (shield currently unavailable)
rNeg     + + +     Spirit   .   (armour currently unavailable)
rPois    +         Reflect  .   (helmet currently unavailable)
rElec    .         Harm     .   (cloak currently unavailable)
rCorr    .         Rampage  .   (gloves currently unavailable)
Will     .....     NoTele   +   (boots currently unavailable)
Stlth    +.........             (no amulet)
HPRegen  0.11/turn              (no ring)
MPRegen  0.08/turn              (no ring)

@: lethally poisoned (-6 -> -7), tree-form
A: no striking features
a: no special abilities


You were on level 2 of the Dungeon.
You were a tree.
You visited 1 branch of the dungeon, and saw 2 of its levels.

You collected 63 gold pieces.

Inventory:

Hand Weapons
 a - a +0 quarterstaff (weapon)
Missiles
 d - 3 throwing nets (quivered)
 e - 21 sling bullets
 g - 24 arrows
 i - 31 bolts
Armour
 b - a +0 leather armour
 c - a +0 helmet (melded)
 h - a +0 ring mail
 k - a +0 plate armour (melded)
 n - a +1 pair of boots of rampaging
Scrolls
 m - a scroll of identify {unknown}
Potions
 j - a potion of heal wounds {unknown}


   Skills:
 - Level 2.0 Fighting
 + Level 3.7 Staves
 - Level 1.7 Throwing
 - Level 2.6 Dodging


You had one spell level left.
You didn't know any spells.
Your spell library was empty.

Dungeon Overview and Level Annotations

Branches:
Dungeon (1/15)

Altars:

Annotations:
D:2 Sigmund


Innate Abilities, Weirdness & Mutations

((You have sharp fingernails.))


Message History

You closely miss the adder.
You feel sick. The adder barely misses you.
The adder bites you but does no damage.
You hit the adder.
The adder is moderately wounded.
Something hits you but does no damage. The adder bites you but does no damage.
You miss the adder.
The adder is moderately wounded.
The adder bites you but does no damage. Something hits you but does no damage.
The adder bites you but does no damage.
You hit the adder but do no damage.
The adder is moderately wounded.
You feel sick. The adder bites you but does no damage.
Something hits you but does no damage.
You barely miss the adder.
The adder is moderately wounded.
The adder bites you but does no damage. x2
You barely miss the adder.
The adder is moderately wounded.
Something hits you.
* * * LOW HITPOINT WARNING * * *
The adder bites you but does no damage.
You thump the adder!
You kill the adder!
Something hits you.
* * * LOW HITPOINT WARNING * * *
The adder bites you.
* * * LOW HITPOINT WARNING * * *
You closely miss the adder.
* * * LOW HITPOINT WARNING * * *
You feel sick. The adder bites you but does no damage.
Something hits you but does no damage.
You sock the adder!
The adder is severely wounded.
The adder bites you but does no damage. x2
You hit the adder.
You kill the adder!
You hear some strange, mumbled words.
A puff of flame appears from out of thin air!
The puff of flame hits you!
You die...

.......... #.#######.
..#
##################
##.........##....
##.#......#....#
#..#....#.....#
#...#..#....${#####.#
##....#......g.♣....#
##..†##.......#######
#...#.##..!...#
#..#..##......#
##.#g@.##......#
.##....#########
.#@....# #..#...#
....#..#


You could see a goblin.

Vanquished Creatures
  2 adders (D:2)
  A dart slug (D:1)
  2 leopard geckos (D:1)
  2 goblins (D:1)
  2 hobgoblins (D:1)
  A quokka (D:2)
  A ball python (D:1)
  A frilled lizard (D:1)
12 creatures vanquished.

Notes
Turn   | Place    | Note
-------+----------+-------------------------------------------
     0 | D:1      | dolemite99 the Demonspawn Gladiator began the quest for the
                  | Orb.
     0 | D:1      | Reached XP level 1. HP: 16/16 MP: 1/1
   100 | D:1      | Reached skill level 3 in Staves
   187 | D:1      | Gained mutation: You have sharp fingernails. [demonic
                  | ancestry]
   187 | D:1      | Reached XP level 2. HP: 18/22 MP: 2/2
   424 | D:1      | You fall into a shaft and drop 1 floor!
   425 | D:2      | Noticed Sigmund
   483 | D:2      | HP: 1/33 [poisoned by an adder]
   485 | D:2      | Killed from afar by Sigmund

Illustrated notes

Levels and vault maps discovered:
D:1:      dpeg_arrival_houses_and_road, layout_loops_ring, serial_bayou_pond_e
D:2:      layout_basic, lemuel_crystal_altar, hangedman_decor_slide_cut,
          uniq_sigmund

Skill      XL: |  1 |
---------------+----+-----
Staves         | 3 |  3.7
Fighting       | |  2.0
Throwing       | |  1.7
Dodging        | |  2.6

Action                   || total
-------------------------++-------
Melee: Quarterstaff      ||    41
  Use: Scroll            ||     1
       Potion            ||     1
Armor: Ring mail         ||     8
       Skin              ||    23
       Plate armour      ||    15
Dodge: Dodged            ||    14

Table legend: (Time is in decaauts)
 A = Elapsed time spent in this place.
 B = Non-inter-level travel time spent in this place.
 C = Inter-level travel time spent in this place.
 D = Time resting spent in this place.
 E = Time spent auto-exploring this place.
 F = Levels seen in this place.
 G = Mean time per level.
                   A        B        C        D        E       F      G
               +--------+--------+--------+--------+--------+-----+--------+
         Total |    491 |    491 |      0 |     78 |    190 |   2 |  245.5 |
       Dungeon |    491 |    491 |      0 |     78 |    190 |   2 |  245.5 |
               +--------+--------+--------+--------+--------+-----+--------+

Top non-repeatable levels by time:
     D:1: 428 daAuts
     D:2: 63 daAuts
